 Dungeon Crawl Stone Soup version 0.31-a0-185-g9dded2c639 (webtiles) character file.

Game seed: 14515557494023206105

526 qw the Skirmisher (level 7, -8/40 HPs)
             Began as a Deep Elf Hunter on June 22, 2023.
             Was an Initiate of Okawaru.
             Mangled by Duvessa
             ... wielding a +2 rapier of venom
              (9 damage)
             ... on level 5 of the Dungeon.
             The game lasted 00:01:20 (3583 turns).

qw the Skirmisher (Deep Elf Hunter)                 Turns: 3583, Time: 00:01:20

Health: -8/40      AC: 11    Str: 10    XL:     7   Next: 2%
Magic:  9/9        EV:  9    Int: 14    God:    Okawaru [......]
Gold:   256        SH:  0    Dex: 18    Spells: 6/6 levels left

rFire   + . .        Y - +0 arbalest
rCold   . . .        (shield currently unavailable)
rNeg    . . .        e - +2 scale mail {rF+}
rPois   .            j - +0 helmet
rElec   .            (no cloak)
rCorr   .            g - +0 pair of gloves
SInv    .            c - +0 pair of boots {rampage}
Will    .....        i - amulet of regeneration
Stlth   +            (no ring)
HPRegen 1.06/turn    (no ring)
MPRegen 0.11/turn

%: rampage
@: lethally poisoned (-8 -> -24)
A: no striking features
a: Renounce Religion


You were on level 5 of the Dungeon.
You worshipped Okawaru.
Okawaru was noncommittal.
You visited 1 branch of the dungeon, and saw 5 of its levels.

You collected 256 gold pieces.


   Skills:
 - Level 2.0 Fighting
 + Level 10.5 Ranged Weapons
 - Level 1.1 Armour
 - Level 2.4 Dodging
 - Level 1.2 Stealth
 - Level 1.2 Invocations


You had 6 spell levels left.
You didn't know any spells.
Your spell library was empty.

Inventory:

Hand Weapons
 Y - a +0 arbalest (weapon)
Armour
 c - a +0 pair of boots of rampaging (worn)
 e - a +2 scale mail of fire resistance (worn)
 g - a +0 pair of gloves (worn)
 j - a +0 helmet (worn)
Jewellery
 b - a ring of fire
 i - an amulet of regeneration (around neck)
Wands
 k - a wand of digging (7)
Scrolls
 f - a scroll of identify
Potions
 a - a potion of mutation
 d - a potion of haste
 h - 2 potions of heal wounds
 l - a potion of might {unknown}
 m - a potion of magic {unknown}

Dungeon Overview and Level Annotations

Branches:
Dungeon (5/15)
 Temple: D:4-7

Altars:
Ashenzari
Kikubaaqudgha
Nemelex Xobeh
Okawaru
Ru

Annotations:
D:5 Dowan, Duvessa


Message History

Enter note:
Enter note:
Enter note:
Enter note:
Enter note: You shoot a bolt.
The bolt barely misses Duvessa.
You shoot a bolt. The bolt barely misses Duvessa.
The bolt hits Dowan!
Dowan is severely wounded.
Dowan casts a spell.
Dowan blinks!
You shoot a bolt. The bolt hits Duvessa!
Duvessa is moderately wounded.
You shoot a bolt. The bolt hits Duvessa.
Duvessa is moderately wounded.
You shoot a bolt.
The bolt hits Duvessa but does no damage.
Duvessa is moderately wounded.
Duvessa hits you with a +2 rapier of venom!
You are poisoned.
Duvessa hits you with a +2 rapier of venom.
You are more poisoned.
You shoot a bolt.
The bolt hits Duvessa but does no damage.
Duvessa is moderately wounded.
You feel extremely sick.
Duvessa hits you with a +2 rapier of venom.
You are lethally poisoned!
Duvessa barely misses you.
You shoot a bolt. The bolt hits Duvessa.
Duvessa is heavily wounded.
You feel extremely sick.
Duvessa drinks a potion.
Duvessa suddenly seems more resistant.
You shoot a bolt. The bolt barely misses Duvessa.
The bolt hits Dowan but does no damage.
Dowan is severely wounded.
You feel extremely sick.
Duvessa hits you with a +2 rapier of venom.
You are more poisoned.
Duvessa hits you with a +2 rapier of venom!
You die...

# ####.#.#
#.@ee..#
#.##.#..).
#.## .. .
#..## ##
#...#
#...#
#...# .
#..## ##
..# #...#
#..##.#


You could see Duvessa (resistant) and Dowan.

Vanquished Creatures
  Sigmund (D:4)
  A jelly (D:4)
  3 iguanas
  An orc wizard (D:5)
  Natasha (D:4)
  Robin (D:4)
  4 gnolls
  6 adders
  A dart slug (D:1)
  13 orcs
  5 bats
  7 endoplasms
  5 giant cockroaches
  11 goblins (D:4)
  7 hobgoblins
  4 jackals (D:1)
  2 quokkas (D:1)
  5 ball pythons
  3 frilled lizards
  8 kobolds
  3 rats
92 creatures vanquished.

Notes
Turn   | Place    | Note
-------+----------+-------------------------------------------
     0 | D:1      | qw the Deep Elf Hunter began the quest for the Orb.
     0 | D:1      | Reached XP level 1. HP: 12/12 MP: 3/3
     0 | D:1      | 0 ||| qw: Version: 0.3-a-9-g12657ce
     0 | D:1      | 0 ||| qw: Game counter: 1727
     0 | D:1      | 0 ||| qw: Always use a shield: true
     0 | D:1      | 0 ||| qw: God list: Okawaru
     0 | D:1      | 0 ||| qw: Allow faded altars: false
     0 | D:1      | 0 ||| qw: Do Orc after D:15 true
     0 | D:1      | 0 ||| qw: Do second Lair branch before Depths: true
     0 | D:1      | 0 ||| qw: Lair rune preference: random
     0 | D:1      | 0 ||| qw: Plans: Normal
     0 | D:1      | 0 ||| PLANNING D:1-11
   108 | D:1      | Reached XP level 2. HP: 11/16 MP: 4/4
   129 | D:1      | Reached skill level 6 in Ranged Weapons
   140 | D:1      | 140 ||| FLEEEEING.
   477 | D:1      | Reached XP level 3. HP: 7/20 MP: 5/5
   720 | D:1      | 720 ||| UPGRADING to +2 scale mail of fire resistance.
   730 | D:1      | 730 ||| DROPPING +0 leather armour.
   731 | D:1      | 731 ||| READING scroll labelled WATWYD BIDUA.
   832 | D:1      | 832 ||| READING scroll labelled CIEDDI JEMMO.
   833 | D:1      | 833 ||| READING scroll labelled VOACVOLUNE.
   834 | D:1      | 834 ||| DROPPING scroll of butterflies.
   846 | D:2      | Reached skill level 7 in Ranged Weapons
  1031 | D:2      | 1031 ||| SWAPPING to +0 arbalest.
  1032 | D:2      | 1032 ||| DROPPING +0 shortbow.
  1228 | D:2      | 1228 ||| READING scroll labelled WUBBAL WANOGO.
  1229 | D:2      | 1229 ||| READING scroll labelled BYOBYA KIESM.
  1230 | D:2      | 1230 ||| READING scroll labelled ICIASS ICUHIETZE.
  1269 | D:2      | 1269 ||| DRINKING 2 clear potions.
  1270 | D:2      | 1270 ||| DRINKING 2 murky inky potions.
  1317 | D:2      | 1317 ||| DRINKING 2 bubbling brown potions.
  1421 | D:2      | 1421 ||| READING 3 scrolls of identify.
  1421 | D:2      | 1421 ||| IDENTIFYING brown potion
  1422 | D:2      | 1422 ||| READING 2 scrolls of identify.
  1422 | D:2      | 1422 ||| IDENTIFYING metallic yellow potion
  1423 | D:2      | 1423 ||| DROPPING potion of lignification.
  1424 | D:2      | 1424 ||| DROPPING potion of berserk rage.
  1436 | D:3      | 1436 ||| STAIRDANCE
  1440 | D:2      | Reached XP level 4. HP: 18/25 MP: 6/6
  1746 | D:3      | Reached skill level 8 in Ranged Weapons
  1798 | D:3      | Found a sparkling altar of Nemelex Xobeh.
  1832 | D:3      | Found an iron altar of Okawaru.
  1833 | D:3      | 1833 ||| PLANNING OKAWARU WORSHIP
  1841 | D:3      | 1841 ||| READING 2 scrolls of identify.
  1841 | D:3      | 1841 ||| IDENTIFYING sapphire potion
  1845 | D:3      | Found a broken altar of Ashenzari.
  1866 | D:3      | Became a worshipper of Warmaster Okawaru
  1867 | D:3      | 1867 ||| PLANNING D:1-11
  2323 | D:4      | Noticed Sigmund
  2326 | D:4      | 2326 ||| STAIRDANCE
  2381 | D:4      | 2381 ||| DRINKING 2 potions of curing.
  2381 | D:4      | 2381 ||| (to cure confusion)
  2382 | D:4      | 2382 ||| DRINKING potion of curing.
  2382 | D:4      | 2382 ||| (to cure confusion)
  2383 | D:4      | Killed Sigmund
  2383 | D:4      | Reached * piety under Okawaru
  2384 | D:4      | Reached skill level 9 in Ranged Weapons
  2384 | D:4      | Reached XP level 5. HP: 29/29 MP: 7/7
  2384 | D:4      | Reached XP level 6. HP: 34/34 MP: 8/8
  2741 | D:4      | 2741 ||| INVOKING Heroism.
  2743 | D:4      | Reached skill level 1 in Invocations
  2796 | D:4      | 2796 ||| INVOKING Heroism.
  2805 | D:4      | HP: 8/35 [poisoned by a goblin]
  2946 | D:4      | Noticed Robin
  2954 | D:4      | Killed Robin
  3016 | D:4      | Noticed Natasha
  3021 | D:4      | Killed Natasha
  3022 | D:4      | Reached skill level 1 in Armour
  3115 | D:4      | 3115 ||| UPGRADING to +0 helmet.
  3120 | D:4      | 3120 ||| UPGRADING to amulet of regeneration.
  3125 | D:4      | 3125 ||| READING scroll labelled WENAPOI CUIS.
  3130 | D:4      | 3130 ||| READING scroll labelled PIEGINIGUNK.
  3155 | D:5      | Entered Level 5 of the Dungeon
  3160 | D:5      | 3160 ||| STAIRDANCE
  3162 | D:4      | 3162 ||| INVOKING Heroism.
  3299 | D:5      | Reached skill level 10 in Ranged Weapons
  3304 | D:5      | Found an ancient bone altar of Kikubaaqudgha.
  3445 | D:5      | 3445 ||| UPGRADING to +0 pair of gloves.
  3450 | D:5      | 3450 ||| READING scroll labelled OHOTYM CANA.
  3450 | D:5      | Identified a scroll of acquirement
  3450 | D:5      | 3450 ||| ACQUIRING +0 pair of boots of rampaging
  3450 | D:5      | Acquired a +0 pair of boots of rampaging
  3453 | D:5      | 3453 ||| UPGRADING to +0 pair of boots of rampaging.
  3473 | D:5      | 3473 ||| DRINKING potion of curing.
  3473 | D:5      | 3473 ||| (to cure confusion)
  3476 | D:5      | 3476 ||| INVOKING Heroism.
  3545 | D:5      | 3545 ||| READING scroll labelled QYHUHU YHUAFI.
  3547 | D:5      | Found a sacrificial altar of Ru.
  3551 | D:5      | Reached XP level 7. HP: 35/40 MP: 9/9
  3575 | D:5      | Noticed Dowan
  3575 | D:5      | Noticed Duvessa
  3583 | D:5      | HP: 6/40 [poisoned by Duvessa]
  3583 | D:5      | HP: 1/40 [Duvessa/+2 rapier of venom (5)]
  3583 | D:5      | Mangled by Duvessa

Levels and vault maps discovered:
D:1:      lightli_arrival_lavapool, layout_basic
D:2:      layout_rooms, kennysheep_generic_room_9
D:3:      layout_basic, mainiacjoe_overflow_tiny_flanked,
          mainiacjoe_overflow_catwalk_spiral
D:4:      layout_gridville, uniq_sigmund, uniq_robin, uniq_natasha
D:5:      layout_loops_corners, hangedman_ru_absence,
          mainiacjoe_overflow_brackets, minmay_temple_entry_gardened_gates,
          ebering_ghost_inner_flame, uniq_ijyb, uniq_duvessa,
          uniq_crazy_yiuf_cottage

Skill      XL: |  1  2  3  4  5  6 |
---------------+-------------------+-----
Ranged Weapons | 6 7 9 10 | 10.5
Invocations    | 1 |  1.2
Fighting       | 2 |  2.0
Armour         | 1 |  1.1
Dodging        | |  2.4
Stealth        | |  1.2

Action                     |  1- 3 |  4- 6 |  7- 9 || total
---------------------------+-------+-------+-------++-------
   Fire: Shortbow          |    98 |       |       ||    98
         Arbalest          |     8 |   134 |     8 ||   150
 Invoke: Heroism           |       |     4 |       ||     4
    Use: Scroll            |     8 |     5 |       ||    13
         Potion            |     3 |     3 |       ||     6
 Armour: Leather armour    |     9 |       |       ||     9
         Scale mail        |     7 |    35 |       ||    42
  Dodge: Dodged            |    33 |    38 |     1 ||    72

Table legend:
 A = Non-vault XP
 B = Vault XP
 C = Vault XP percentage of total XP
 D = Non-vault monster count
 E = Vault monster count
 F = Vault count percentage of total count
                 A         B        C        D         E       F
            +---------+---------+-------+---------+---------+-------
      Total |     448 |     304 |  40.4 |      76 |      16 |  17.4
            +---------+---------+-------+---------+---------+-------
        D:1 |      54 |       0 |   0.0 |      22 |       0 |   0.0
        D:2 |      50 |       1 |   2.0 |       9 |       1 |  10.0
        D:3 |      69 |       0 |   0.0 |      19 |       0 |   0.0
        D:4 |     117 |     303 |  72.1 |      17 |      15 |  46.9
        D:5 |     158 |       0 |   0.0 |       9 |       0 |   0.0
            +---------+---------+-------+---------+---------+-------
